| TOP OF THE 1ST |
|
Manchester Fisher Cats batting - Pitching for Pawtucket Paw Sox : LHP John Hobbs
|
|
Pitching: LHP John Hobbs
|
|
|
Batting: RHB Reymundo Estevez
|
0-0: Foul Ball, location: 2F 0-1: Ground out 5-3 (Groundball, 56, EV 87.5 MPH)
|
|
Batting: LHB Tim Derryberry
|
0-0: Called Strike 0-1: Ball 1-1: Swinging Strike 1-2: Ball 2-2: Foul Ball, location: 2F 2-2: Ball 3-2: Ground out U3 (Groundball, 3, EV 100.0 MPH)
|
|
Batting: SHB Stan Javier
|
0-0: Ball 1-0: Ball 2-0: Called Strike 2-1: Foul Ball, location: 2F 2-2: Ground out 6-3 (Groundball, 6S, EV 88.8 MPH)
|
| Top of the 1st over - 0 runs, 0 hits, 0 errors, 0 left on base; Manchester 0 - Pawtucket 0 |
| BOTTOM OF THE 1ST |
|
Pawtucket Paw Sox batting - Pitching for Manchester Fisher Cats : LHP John Machin
|
|
Pitching: LHP John Machin
|
|
|
Batting: LHB Dave Haberle
|
0-0: Called Strike 0-1: Ball 1-1: Fly out, F8 (Flyball, 78D, EV 105.0 MPH)
|
|
Batting: RHB Robert Duran
|
0-0: Swinging Strike 0-1: Foul Ball, location: 2F 0-2: Foul Ball, location: 2F 0-2: Ball 1-2: Strikes out swinging
|
|
Batting: RHB Brick Smith
|
0-0: Ball 1-0: Called Strike 1-1: Foul Ball, location: 2F 1-2: Foul Ball, location: 2F 1-2: Ball 2-2: Foul Ball, location: 2F 2-2: Ball 3-2: Base on Balls
|
|
Batting: RHB Dave Malpeso
|
0-0: Ball 1-0: Ball 2-0: Ball 3-0: Called Strike 3-1: SINGLE (Groundball, 56D, EV 97.5 MPH) Brick Smith to second
|
|
Batting: LHB Jeff Stone
|
0-0: Ball 1-0: Ball 2-0: Ground out 4-3 (Groundball, 4, EV 88.8 MPH)
|
| Bottom of the 1st over - 0 runs, 1 hit, 0 errors, 2 left on base; Manchester 0 - Pawtucket 0 |
| TOP OF THE 2ND |
|
Manchester Fisher Cats batting - Pitching for Pawtucket Paw Sox : LHP John Hobbs
|
|
Batting: RHB Joe Citari
|
0-0: Called Strike 0-1: Fly out, F9 (Flyball, 89M, EV 83.8 MPH)
|
|
Batting: LHB Jessie Reid
|
0-0: Swinging Strike 0-1: Foul Ball, location: 2F 0-2: Ball 1-2: Ball 2-2: Ball 3-2: SINGLE (Groundball, 34D, EV 100.6 MPH)
|
|
Batting: LHB Herbert Orensky
|
0-0: Foul Ball, location: 2F 0-1: Foul Ball, location: 2F 0-2: SINGLE (Groundball, 4MD, EV 99.4 MPH) Jessie Reid to second
|
|
Batting: RHB Randy Johnson
|
0-0: Ball 1-0: Ball 2-0: Called Strike 2-1: Foul Ball, location: 2F 2-2: Ball 3-2: Base on Balls Jessie Reid to third Herbert Orensky to second
|
|
Batting: LHB Carlos Cabassa
|
0-0: Foul Ball, location: 2F 0-1: Called Strike 0-2: Ball 1-2: Strikes out swinging
|
|
Batting: SHB Danny Hernandez
|
0-0: Ball 1-0: DOUBLE (Line Drive, 89XD, EV 107.5 MPH) Jessie Reid scores Herbert Orensky scores Randy Johnson to third
|
|
Batting: RHB Reymundo Estevez
|
0-0: Ball 1-0: Called Strike 1-1: Called Strike 1-2: Ball 2-2: Foul Ball, location: 2F 2-2: Fly out, F9 (Flyball, 9LS, EV 77.5 MPH)
|
| Top of the 2nd over - 2 runs, 3 hits, 0 errors, 2 left on base; Manchester 2 - Pawtucket 0 |
| BOTTOM OF THE 2ND |
|
Pawtucket Paw Sox batting - Pitching for Manchester Fisher Cats : LHP John Machin
|
|
Batting: LHB David Wiggins
|
0-0: Called Strike 0-1: Foul Ball, location: 2F 0-2: Strikes out swinging
|
|
Batting: RHB Gary Hargis
|
0-0: Ball 1-0: Foul Ball, location: 2F 1-1: Called Strike 1-2: Ground out 4-3 (Groundball, P, EV 90.0 MPH)
|
|
Batting: LHB Steven Blackman
|
0-0: Called Strike 0-1: Ball 1-1: Foul Ball, location: 2F 1-2: Ball 2-2: Foul Ball, location: 2F 2-2: Ground out 5-3 (Groundball, 5L, EV 90.0 MPH)
|
| Bottom of the 2nd over - 0 runs, 0 hits, 0 errors, 0 left on base; Manchester 2 - Pawtucket 0 |
| TOP OF THE 3RD |
|
Manchester Fisher Cats batting - Pitching for Pawtucket Paw Sox : LHP John Hobbs
|
|
Batting: LHB Tim Derryberry
|
0-0: SINGLE (Flyball, 78S, EV 86.9 MPH)
|
|
Batting: SHB Stan Javier
|
0-0: Swinging Strike 0-1: Fielders Choice at 2nd, U6 (Groundball, 4MD, EV 102.5 MPH)
|
|
Batting: RHB Joe Citari
|
0-0: Ball 1-0: Ball 2-0: Ball 3-0: Base on Balls Stan Javier to second
|
|
Batting: LHB Jessie Reid
|
0-0: Ball Stan Javier steals 3rd base Joe Citari to second 1-0: Ball 2-0: Ball 3-0: Called Strike 3-1: Foul Ball, location: 2F 3-2: Foul Ball, location: 2F 3-2: SINGLE (Line Drive, 7S, EV 87.5 MPH) Stan Javier scores Joe Citari to third Runner from 3rd tries for Home, throw by LF and OUT! 7-2
|
|
Batting: LHB Herbert Orensky
|
0-0: Ball 1-0: Ball 2-0: Fly out, F8 (Flyball, 78XD, EV 94.4 MPH)
|
| Top of the 3rd over - 1 run, 2 hits, 0 errors, 1 left on base; Manchester 3 - Pawtucket 0 |
| BOTTOM OF THE 3RD |
|
Pawtucket Paw Sox batting - Pitching for Manchester Fisher Cats : LHP John Machin
|
|
Batting: RHB Ted Cox
|
0-0: Ball 1-0: Swinging Strike 1-1: Ball 2-1: Ball 3-1: Fly out, F6 (Popup, 6D, EV 57.5 MPH)
|
|
Batting: LHB Dave Haberle
|
0-0: Called Strike 0-1: Ball 1-1: Foul Ball, location: 2F 1-2: Ball 2-2: SINGLE (Groundball, 3S, EV 60.6 MPH) (infield hit)
|
|
Pinch Runner at 1st Steven Garcia:
|
|
|
Batting: RHB Robert Duran
|
0-0: Ball 1-0: Called Strike 1-1: Foul Ball, location: 2F 1-2: Foul Ball, location: 2F 1-2: Foul Ball, location: 2F 1-2: Ball 2-2: Ball 3-2: SINGLE (Line Drive, 4D, EV 94.4 MPH) Steven Garcia to second Runner from 2nd tries for 3rd, OUT! 8-5
|
|
Batting: RHB Brick Smith
|
0-0: Called Strike 0-1: Ball 1-1: Called Strike 1-2: Strikes out swinging
|
| Bottom of the 3rd over - 0 runs, 2 hits, 0 errors, 1 left on base; Manchester 3 - Pawtucket 0 |
| TOP OF THE 4TH |
|
Manchester Fisher Cats batting - Pitching for Pawtucket Paw Sox : LHP John Hobbs
|
|
Now at 3B: Steven Garcia
|
|
|
Batting: RHB Randy Johnson
|
0-0: Called Strike 0-1: Foul Ball, location: 2F 0-2: Foul Ball, location: 2F 0-2: Foul Ball, location: 2F 0-2: Fly out, F7 (Flyball, 7D, EV 91.9 MPH)
|
|
Batting: LHB Carlos Cabassa
|
0-0: Ball 1-0: Called Strike 1-1: Called Strike 1-2: Foul Ball, location: 2F 1-2: Ground out 3-1 (Groundball, 34, EV 80.6 MPH)
|
|
Batting: SHB Danny Hernandez
|
0-0: Ball 1-0: Ball 2-0: Foul Ball, location: 2F 2-1: Foul Ball, location: 2F 2-2: Ground out 5-3 (Groundball, 56, EV 104.4 MPH)
|
| Top of the 4th over - 0 runs, 0 hits, 0 errors, 0 left on base; Manchester 3 - Pawtucket 0 |
| BOTTOM OF THE 4TH |
|
Pawtucket Paw Sox batting - Pitching for Manchester Fisher Cats : LHP John Machin
|
|
Batting: RHB Dave Malpeso
|
0-0: Swinging Strike 0-1: Swinging Strike 0-2: Strikes out swinging
|
|
Batting: LHB Jeff Stone
|
0-0: Called Strike 0-1: Ball 1-1: Called Strike 1-2: Ground out U3 (Groundball, 34, EV 80.0 MPH)
|
|
Batting: LHB David Wiggins
|
0-0: Ball 1-0: Foul Ball, location: 2F 1-1: Ball 2-1: Foul Ball, location: 2F 2-2: Foul Ball, location: 2F 2-2: Ball 3-2: Base on Balls
|
|
Batting: RHB Gary Hargis
|
0-0: SINGLE (Groundball, 6M, EV 106.3 MPH) (infield hit) David Wiggins to second
|
|
Batting: LHB Steven Blackman
|
0-0: Ball 1-0: Ground out 4-3 (Groundball, 34, EV 104.4 MPH)
|
| Bottom of the 4th over - 0 runs, 1 hit, 0 errors, 2 left on base; Manchester 3 - Pawtucket 0 |
| TOP OF THE 5TH |
|
Manchester Fisher Cats batting - Pitching for Pawtucket Paw Sox : LHP John Hobbs
|
|
Batting: RHB Reymundo Estevez
|
0-0: Ball 1-0: Ball 2-0: Called Strike 2-1: Foul Ball, location: 2F 2-2: Ball 3-2: Foul Ball, location: 2F 3-2: Strikes out swinging
|
|
Batting: LHB Tim Derryberry
|
0-0: Called Strike 0-1: Ball 1-1: Fly out, F8 (Line Drive, 8LM, EV 110.0 MPH)
|
|
Batting: SHB Stan Javier
|
0-0: Ball 1-0: Foul Ball, location: 2F 1-1: Swinging Strike 1-2: Ball 2-2: Ground out 6-3 (Groundball, 6MD, EV 101.9 MPH)
|
| Top of the 5th over - 0 runs, 0 hits, 0 errors, 0 left on base; Manchester 3 - Pawtucket 0 |
| BOTTOM OF THE 5TH |
|
Pawtucket Paw Sox batting - Pitching for Manchester Fisher Cats : LHP John Machin
|
|
Batting: RHB Ted Cox
|
0-0: Reached on error, E3 (Groundball, 34S, EV 91.3 MPH)
|
|
Batting: LHB Steven Garcia
|
0-0: Foul Ball, location: 2F 0-1: Called Strike 0-2: Foul Ball, location: 2F 0-2: Fielders Choice at 2nd, 4-6 (Groundball, 4D, EV 95.0 MPH)
|
|
Batting: RHB Robert Duran
|
0-0: Called Strike 0-1: Swinging Strike 0-2: 2-RUN HOME RUN (Flyball, 7D, EV 98.1 MPH), Distance : 383 ft
|
|
Batting: RHB Brick Smith
|
0-0: Ball 1-0: Ball 2-0: Foul Ball, location: 2F 2-1: Ball 3-1: Base on Balls
|
|
Batting: RHB Dave Malpeso
|
0-0: Foul Ball, location: 2F 0-1: Fly out, F3 (Popup, 3F, EV 79.4 MPH)
|
|
Batting: LHB Jeff Stone
|
0-0: Fly out, F8 (Flyball, 8LD, EV 88.8 MPH)
|
| Bottom of the 5th over - 2 runs, 1 hit, 1 error, 1 left on base; Manchester 3 - Pawtucket 2 |
| TOP OF THE 6TH |
|
Manchester Fisher Cats batting - Pitching for Pawtucket Paw Sox : LHP John Hobbs
|
|
Batting: RHB Joe Citari
|
0-0: Ball 1-0: Swinging Strike 1-1: Reached on error, E4 (Groundball, 4, EV 85.0 MPH)
|
|
Batting: LHB Jessie Reid
|
0-0: Called Strike 0-1: Swinging Strike 0-2: Ball 1-2: Strikes out swinging
|
|
Batting: LHB Herbert Orensky
|
0-0: Foul Ball, location: 2F 0-1: Called Strike 0-2: Ball 1-2: Foul Ball, location: 2F 1-2: Foul Ball, location: 2F 1-2: Ball 2-2: Fly out, F7 (Flyball, 7LM, EV 90.6 MPH)
|
|
Batting: RHB Randy Johnson
|
0-0: Fly out, F7 (Line Drive, 7D, EV 98.8 MPH)
|
| Top of the 6th over - 0 runs, 0 hits, 1 error, 1 left on base; Manchester 3 - Pawtucket 2 |
| BOTTOM OF THE 6TH |
|
Pawtucket Paw Sox batting - Pitching for Manchester Fisher Cats : LHP John Machin
|
|
Batting: LHB David Wiggins
|
0-0: Swinging Strike 0-1: Ball 1-1: Called Strike 1-2: Ball 2-2: Strikes out swinging
|
|
Batting: RHB Gary Hargis
|
0-0: Ball 1-0: Called Strike 1-1: Swinging Strike 1-2: Ball 2-2: Ground out 1-3 (Groundball, 34S, EV 67.5 MPH)
|
|
Batting: LHB Steven Blackman
|
0-0: Ball 1-0: Ground out 4-3 (Groundball, 4MD, EV 101.3 MPH)
|
| Bottom of the 6th over - 0 runs, 0 hits, 0 errors, 0 left on base; Manchester 3 - Pawtucket 2 |
| TOP OF THE 7TH |
|
Manchester Fisher Cats batting - Pitching for Pawtucket Paw Sox : LHP John Hobbs
|
|
Batting: LHB Carlos Cabassa
|
0-0: Ball 1-0: Ball 2-0: Ball 3-0: Called Strike 3-1: Base on Balls
|
|
Batting: SHB Danny Hernandez
|
0-0: Ball 1-0: Bunt missed! 1-1: Bunted foul 1-2: Strikes out swinging
|
|
Batting: RHB Reymundo Estevez
|
0-0: Called Strike 0-1: Called Strike 0-2: Ball 1-2: Fly out, F9 (Flyball, 9S, EV 86.9 MPH)
|
|
Batting: LHB Tim Derryberry
|
0-0: Called Strike 0-1: Ball 1-1: Fly out, F7 (Flyball, 7, EV 90.0 MPH)
|
| Top of the 7th over - 0 runs, 0 hits, 0 errors, 1 left on base; Manchester 3 - Pawtucket 2 |
| BOTTOM OF THE 7TH |
|
Pawtucket Paw Sox batting - Pitching for Manchester Fisher Cats : LHP John Machin
|
|
Batting: RHB Ted Cox
|
0-0: Swinging Strike 0-1: Called Strike 0-2: Ground out U3 (Groundball, 13, EV 85.0 MPH)
|
|
Batting: LHB Steven Garcia
|
0-0: Ball 1-0: Foul Ball, location: 2F 1-1: Ball 2-1: Ball 3-1: Swinging Strike 3-2: Base on Balls
|
|
Batting: RHB Robert Duran
|
0-0: Called Strike 0-1: Ball 1-1: Ball 2-1: Ball 3-1: Base on Balls Steven Garcia to second
|
|
Batting: RHB Brick Smith
|
0-0: Ball 1-0: Ball 2-0: Fly out, F9 (Flyball, 9S, EV 91.9 MPH)
|
|
Pitching: RHP Chris Davis
|
|
|
Batting: RHB Dave Malpeso
|
0-0: Fly out, F6 (Popup, P, EV 75.0 MPH)
|
| Bottom of the 7th over - 0 runs, 0 hits, 0 errors, 2 left on base; Manchester 3 - Pawtucket 2 |
| TOP OF THE 8TH |
|
Manchester Fisher Cats batting - Pitching for Pawtucket Paw Sox : LHP John Hobbs
|
|
Batting: SHB Stan Javier
|
0-0: Foul Ball, location: 2F 0-1: Ball 1-1: Ball 2-1: Swinging Strike 2-2: Ball 3-2: Base on Balls
|
|
Batting: RHB Joe Citari
|
0-0: Foul Ball, location: 2F 0-1: Called Strike 0-2: Ball 1-2: Foul Ball, location: 2F 1-2: Grounds into double play, 6-4-3 (Groundball, 6M, EV 88.8 MPH)
|
|
Batting: LHB Jessie Reid
|
0-0: Swinging Strike 0-1: Ball 1-1: Swinging Strike 1-2: Strikes out swinging
|
| Top of the 8th over - 0 runs, 0 hits, 0 errors, 0 left on base; Manchester 3 - Pawtucket 2 |
| BOTTOM OF THE 8TH |
|
Pawtucket Paw Sox batting - Pitching for Manchester Fisher Cats : RHP Chris Davis
|
|
Now in LF: Mike Ciampa
|
|
|
Now in CF: Paul Croft
|
|
|
Now in RF: Mel Hall
|
|
|
Batting: LHB Jeff Stone
|
0-0: Called Strike 0-1: Fly out, F7 (Flyball, 7, EV 87.5 MPH)
|
|
Batting: LHB David Wiggins
|
0-0: Ball 1-0: Foul Ball, location: 2F 1-1: Ground out 4-3 (Groundball, 4S, EV 90.0 MPH)
|
|
Batting: RHB Gary Hargis
|
0-0: Ball 1-0: Ball 2-0: Called Strike 2-1: Swinging Strike 2-2: Ground out 4-3 (Groundball, 34S, EV 63.1 MPH)
|
| Bottom of the 8th over - 0 runs, 0 hits, 0 errors, 0 left on base; Manchester 3 - Pawtucket 2 |
| TOP OF THE 9TH |
|
Manchester Fisher Cats batting - Pitching for Pawtucket Paw Sox : LHP John Hobbs
|
|
Pitching: RHP Terry McAnnally
|
|
|
Batting: LHB Herbert Orensky
|
0-0: Called Strike 0-1: Called Strike 0-2: Foul Ball, location: 2F 0-2: Strikes out looking
|
|
Batting: RHB Randy Johnson
|
0-0: SINGLE (Line Drive, 7S, EV 109.4 MPH)
|
|
Batting: LHB Carlos Cabassa
|
0-0: Called Strike 0-1: Foul Ball, location: 2F 0-2: Foul Ball, location: 2F 0-2: Ball 1-2: Foul Ball, location: 2F 1-2: Ball 2-2: Ball 3-2: Foul Ball, location: 2F 3-2: Fielders Choice at 2nd, 6-4 (Groundball, 6, EV 101.9 MPH)
|
|
Batting: SHB Danny Hernandez
|
0-0: Called Strike 0-1: Ball 1-1: Ball 2-1: Called Strike 2-2: Ball 3-2: Ground out 4-3 (Groundball, 4, EV 102.5 MPH)
|
| Top of the 9th over - 0 runs, 1 hit, 0 errors, 1 left on base; Manchester 3 - Pawtucket 2 |
| BOTTOM OF THE 9TH |
|
Pawtucket Paw Sox batting - Pitching for Manchester Fisher Cats : RHP Chris Davis
|
|
Pitching: RHP Stephen Marsden
|
|
|
Now at C: Buddy Pryor
|
|
|
Batting: LHB Steven Blackman
|
0-0: Called Strike 0-1: Called Strike 0-2: Strikes out swinging
|
|
Pinch Hitting: SHB Gary Weiss
|
0-0: Ball 1-0: Ball 2-0: Ball 3-0: Called Strike 3-1: Base on Balls
|
|
Batting: LHB Steven Garcia
|
0-0: Fly out, F9 (Flyball, 9LM, EV 105.0 MPH)
|
|
Batting: RHB Robert Duran
|
0-0: Ball 1-0: Called Strike 1-1: Ball 2-1: Ball 3-1: Fly out, F9 (Flyball, 9, EV 90.6 MPH)
|
| Bottom of the 9th over - 0 runs, 0 hits, 0 errors, 1 left on base; Manchester 3 - Pawtucket 2 |
|